 Dungeon Crawl Stone Soup version 0.17.1-1-g73c8601 (webtiles) character file.

43 KingPickles the Skirmisher (level 3, -5/40 HPs)
             Began as an Octopode Wanderer on Jan 16, 2016.
             Slain by a gnoll
             ... wielding a +0 halberd
              (6 damage)
             ... on level 2 of the Dungeon.
             The game lasted 00:03:24 (1336 turns).

KingPickles the Skirmisher (Octopode Wanderer)      Turns: 1336, Time: 00:03:24

Health: -5/40      AC: 21    Str:  9    XL:     3   Next: 58%
Magic:  3/3        EV:  2    Int: 17    God:
Gold:   77         SH:  0    Dex: 11    Spells: 1 memorised, 1 level left

rFire  . . .     SeeInvis .     a - +2 short sword
rCold  . . .     Clarity  .     (no shield)
rNeg   + + +     SustAt   .     (helmet currently unavailable)
rPois  +         Gourm    .     (no amulet)
rElec  .         Spirit   .     h - +2 ring of evasion
rCorr  .         Warding  .     k - ring of positive energy (curse)
rMut   .         NoTele   +     (no ring)
MR     .....                    (no ring)
Stlth  ++........               (no ring)
                                (no ring)
                                (no ring)
                                (no ring)

@: lethally poisoned (-5 -> -6), tree-form, not resistant to hostile
enchantments, unstealthy
A: almost no armour, amphibious, 8 rings, (constrict 8), (camouflage 0),
(gelatinous body 0)
a: no special abilities


You were on level 2 of the Dungeon.
You were not hungry.
You were a tree.
You visited 1 branch of the dungeon, and saw 2 of its levels.

You collected 77 gold pieces.

Inventory:

Hand Weapons
 a - a +2 short sword (weapon)
Jewellery
 h - a +2 ring of evasion (left branch)
 k - a cursed ring of positive energy (right branch)
Scrolls
 e - 2 scrolls of remove curse
 g - 3 scrolls of identify {unknown}
 i - 2 scrolls of amnesia {unknown}
Books
 b - the Guide on Stolen Souls

   Spells                             Type                      Level
   a - Animate Skeleton               Necromancy                   1
   b - Sublimation of Blood           Necromancy                   2
Comestibles
 c - 6 fruits
 d - 2 bread rations


   Skills:
 + Level 3.8 Fighting
 + Level 1.3 Short Blades
 + Level 1.1 Throwing
 * Level 1.3 Dodging
 + Level 1.3 Stealth
 + Level 3.2 Necromancy
   Level 1.1 Evocations


You had one spell level left.
You knew the following spells:

 Your Spells              Type           Power        Failure   Level  Hunger
a - Animate Skeleton      Necr           N/A          10%         1    ##.....


Dungeon Overview and Level Annotations

Branches:
Dungeon (2/15)

Altars:


Innate Abilities, Weirdness & Mutations

You cannot wear most types of armour.
You are amphibious.
You can wear up to eight rings at the same time.
((You can use your tentacles to constrict eight enemies at once.))
((Your skin changes colour to match your surroundings (Stealth).))
((Your rubbery body absorbs attacks (AC +1).))


Message History

You feel sick. The adder bites you but does no damage. The adder bites you.
* * * LOW HITPOINT WARNING * * *
The gnoll hits you but does no damage.
You hit the adder.
The adder is heavily wounded.
The adder bites you but does no damage. The gnoll hits you but does no damage.
You miss the adder.
The adder is heavily wounded.
The adder bites you but does no damage.
You hit the adder.
The adder is severely wounded.
You feel sick. The adder bites you but does no damage.
The gnoll hits you from afar with a halberd.
* * * LOW HITPOINT WARNING * * *
The adder bites you but does no damage.
You barely miss the adder.
The adder is severely wounded.
The adder bites you but does no damage.
The gnoll hits you from afar with a halberd.
You die...

##...####.........###
#####.### ##.......##
#.......# ##.....##
#.###.#.# ##..>## #.#
#)#.# ##+## #.# #.#.#
#.# #.# #gg.#
###.#### #.# ##S.#
#......# #.# #♣.#
#....#.#### #.####..#
#.......... #.......#
#....#.###.
######.######.#.##.#
## #.>........##.#
########.####.#
#.####.# #......#
########


You could see 2 gnolls and an adder.

Vanquished Creatures
  A gnoll (D:2)
  7 bats
  2 giant cockroaches (D:2)
  3 hobgoblins (D:1)
  7 jackals (D:1)
  2 kobolds (D:1)
  A giant gecko (D:1)
  2 giant newts (D:1)
  6 goblins
  A rat (D:2)
32 creatures vanquished.

Notes
Turn   | Place    | Note
--------------------------------------------------------------
     0 | D:1      | KingPickles the Octopode Wanderer began the quest for the Orb.
     0 | D:1      | KingPickles set off with: a +2 short sword, the Guide on Stolen Souls, a potion of curing, a bread ration
     0 | D:1      | Reached XP level 1. HP: 16/16 MP: 1/1
     0 | D:1      | Identified the Guide on Stolen Souls
    60 | D:1      | Reached XP level 2. HP: 15/21 MP: 2/2
    63 | D:1      | Learned a level 1 spell: Animate Skeleton
   399 | D:1      | Reached skill level 1 in Dodging
   605 | D:1      | Reached XP level 3. HP: 26/26 MP: 3/3
  1335 | D:2      | HP: 1/40 [gnoll/halberd (3)]
  1336 | D:2      | Slain by a gnoll

Action                   || total
-------------------------++-------
Melee: Short sword       ||    75
 Cast: Animate Skeleton  ||     3
  Use: Potion            ||     3
       Scroll            ||     1
 Stab: Sleeping          ||     4
  Eat: Chunk             ||     1
